Workbook

Sheet ЛСР
R1: Приложение №
R2: к Договору подряда №
B3: ПОДРЯДЧИК: | D3: ЗАКАЗЧИК: | P3: ТЕХНИЧЕСКИЙ ЗАКАЗЧИК:
B7: _________________/
E8: Локальный сметный расчет №9
E9: Устройство системы Безопасный дом. ГП-75
A11: № | B11: Наименование | C11: Марка | D11: Характеристика | E11: Ед. изм. | F11: 75.1 | G11: 75.2 | H11: 75.3 | I11: 75.4 | J11: 75.5 | K11: 75.6 | L11: 75.7 | M11: 75.8 | N11: Кол-во | O11: Цена | P11: Сумма | Q11: Примечание | R11: Форма закупа материала
A12: 11 | B12: Внутренние инженерные сети
A13: 11.23. | B13: Система "Безопасный дом"
A14: 11.23.01 | B14: Прокладка КПП, трубы
A15: 11.23.01.00. | B15: Прокладка КПП, трубы | P15: =P16+P18 -> 0
B16: Работа: | P16: =SUM(P17:P17) -> 0
B17: Прокладка КПП | E17: комплекс | F17: =F19 -> 537 | G17: =G19 -> 426 | H17: =H19 -> 414 | I17: =I19 -> 216 | J17: =J19 -> 216 | K17: =K19 -> 414 | L17: =L19 -> 396 | M17: =M19 -> 402 | N17: =SUM(F17:M17) -> 3021 | O17: =Работы!O17 -> 0 | P17: =O17*N17 -> 0
B18: Материалы: | P18: =SUM(P19:P20) -> 0
B19: Кабель тип 1 | D19: КСПВГ 4х0,20 гибкий, 4 жилы медь, ПВХ. | E19: м. | F19: 537 | G19: 426 | H19: 414 | I19: 216 | J19: 216 | K19: 414 | L19: 396 | M19: 402 | N19: =SUM(F19:M19) -> 3021 | O19: =Материалы!O16 -> 0 | P19: =O19*N19 -> 0 | R19: Закуп подрядчика
B20: Прочие материалы | P20: =SUM(P21:P22) -> 0 | R20: Закуп подрядчика
B21: Концевая изолированная заглушка (артикул 08-0701) КИЗ-1,2,8 мм /1,0-2,5 мм2 | E21: шт. | F21: 716 | G21: 568 | H21: 552 | I21: 288 | J21: 288 | K21: 552 | L21: 528 | M21: 536 | N21: =SUM(F21:M21) -> 4028 | O21: =Материалы!O18 -> 0 | P21: =O21*N21 -> 0
B22: Дюбель-хомут 5-10мм нейлон (100шт. в пч.) | E22: шт. | F22: 1074 | G22: 852 | H22: 828 | I22: 432 | J22: 432 | K22: 828 | L22: 792 | M22: 804 | N22: =SUM(F22:M22) -> 6042 | O22: =Материалы!O19 -> 0 | P22: =O22*N22 -> 0
A23: 11.23.02 | B23: Установка оборудования
A24: 11.23.02.00. | B24: Установка оборудования | P24: =P25+P27 -> 0
B25: Работа: | P25: =SUM(P26:P26) -> 0
B26: Монтажные работы | E26: комплекс | F26: 1 | G26: 1 | H26: 1 | I26: 1 | J26: 1 | K26: 1 | L26: 1 | M26: 1 | N26: =SUM(F26:M26) -> 8 | O26: =Работы!O21 -> 0 | P26: =O26*N26 -> 0
B27: Материалы: | P27: =SUM(P28) -> 0
B28: Извещатель охранный магнитоконтактный врезной монтаж «ИО 102-6» | E28: шт. | F28: 179 | G28: 142 | H28: 138 | I28: 72 | J28: 72 | K28: 138 | L28: 132 | M28: 134 | N28: =SUM(F28:M28) -> 1007 | O28: =Материалы!O23 -> 0 | P28: =O28*N28 -> 0 | R28: Закуп подрядчика
A29: 11.23.03 | B29: ПНР
A30: 11.23.03.00. | B30: ПНР | P30: =P31 -> 0
B31: Работа: | P31: =SUM(P32:P32) -> 0
B32: Пусконаладочные работы | E32: комплекс | F32: 1 | G32: 1 | H32: 1 | I32: 1 | J32: 1 | K32: 1 | L32: 1 | M32: 1 | N32: =SUM(F32:M32) -> 8 | O32: =Работы!O25 -> 0 | P32: =O32*N32 -> 0
B33: Итого по ЛСР: | O33: Итого по ЛСР с НДС: | P33: =P25+P16+P30 -> 0
B34: в тч стоимость работ: | O34: в тч стоимость работ: | P34: =P31+P25+P16 -> 0
B35: в тч стоимость материалов: | O35: в тч стоимость материалов: | P35: =P18+P27 -> 0
B36: в тч НДС: | O36: в тч НДС:
B38: Примечание:
A39: - | B39: В случае, если один из перечисленных прочих материалов не был использован по факту при производстве работ, заказчик вправе откорректировать процент расходных материалов в актах выполненных работ (формы КС-2, КС-3), уменьшив на сумму исключенного материала.
A40: - | B40: Стоимость СМР учитывает - затраты на все второстепенные материалы и работы необходимые для осуществления полного комплекса работ, включая затраты: обеспечение технической водой для производства работ и бытовых целей; на мобилизацию, аренду и эксплуатацию всех необходимых механизмов, оборудования и инструментов, бытовых помещений и биотуалетов; на подъем материалов и разноску по этажам к местам производства работ; выполнение сопутствующих работ; вывоз мусора; накладные расходы, прибыль организации, налоги и иные издержки Подрядчика. Обеспечение безопасного производства работ на участке.
A41: - | B41: Стоимость материалов учитывает стоимость доставки.
A42: - | B42: В случае изменения системы налогообложения, риски увеличения стоимости договора относятся на сторону, чья система налогообложения изменяется.

Sheet Работы
R1: Приложение №
R2: к Договору подряда №
B3: ПОДРЯДЧИК: | D3: ЗАКАЗЧИК: | P3: ТЕХНИЧЕСКИЙ ЗАКАЗЧИК:
B7: _________________/
E8: Ведомость работ
E9: Устройство системы Безопасный дом. ГП-75
A11: № | B11: Наименование | C11: Марка | D11: Характеристика | E11: Ед. изм. | F11: 75.1 | G11: 75.2 | H11: 75.3 | I11: 75.4 | J11: 75.5 | K11: 75.6 | L11: 75.7 | M11: 75.8 | N11: Кол-во | O11: Цена | P11: Сумма | Q11: Примечание | R11: Форма закупа материала
A12: 11 | B12: Внутренние инженерные сети
A13: 11.23. | B13: Система "Безопасный дом"
A14: 11.23.01 | B14: Прокладка КПП, трубы
A15: 11.23.01.00. | B15: Прокладка КПП, трубы
B16: Работа:
B17: Прокладка КПП | E17: комплекс | F17: 537 | G17: 426 | H17: 414 | I17: 216 | J17: 216 | K17: 414 | L17: 396 | M17: 402 | N17: 3021 | P17: =O17*N17 -> 0
A18: 11.23.02 | B18: Установка оборудования
A19: 11.23.02.00. | B19: Установка оборудования
B20: Работа:
B21: Монтажные работы | E21: комплекс | F21: 1 | G21: 1 | H21: 1 | I21: 1 | J21: 1 | K21: 1 | L21: 1 | M21: 1 | N21: 8 | P21: =O21*N21 -> 0
A22: 11.23.03 | B22: ПНР
A23: 11.23.03.00. | B23: ПНР
B24: Работа:
B25: Пусконаладочные работы | E25: комплекс | F25: 1 | G25: 1 | H25: 1 | I25: 1 | J25: 1 | K25: 1 | L25: 1 | M25: 1 | N25: =SUM(F25:M25) -> 8 | P25: =O25*N25 -> 0
B26: Итого по ЛСР: | O26: Итого по ЛСР: | P26: =SUM(P17:P25) -> 0
B28: Примечание:
A29: - | B29: В случае, если один из перечисленных прочих материалов не был использован по факту при производстве работ, заказчик вправе откорректировать процент расходных материалов в актах выполненных работ (формы КС-2, КС-3), уменьшив на сумму исключенного материала.
A30: - | B30: Стоимость СМР учитывает - затраты на все второстепенные материалы и работы необходимые для осуществления полного комплекса работ, включая затраты: обеспечение технической водой для производства работ и бытовых целей; на мобилизацию, аренду и эксплуатацию всех необходимых механизмов, оборудования и инструментов, бытовых помещений и биотуалетов; на подъем материалов и разноску по этажам к местам производства работ; выполнение сопутствующих работ; вывоз мусора; накладные расходы, прибыль организации, налоги и иные издержки Подрядчика. Обеспечение безопасного производства работ на участке.
A31: - | B31: Стоимость материалов учитывает стоимость доставки.
A32: - | B32: В случае изменения системы налогообложения, риски увеличения стоимости договора относятся на сторону, чья система налогообложения изменяется.

Sheet Материалы
R1: Приложение №
R2: к Договору подряда №
B3: ПОДРЯДЧИК: | D3: ЗАКАЗЧИК: | P3: ТЕХНИЧЕСКИЙ ЗАКАЗЧИК:
B7: _________________/
E8: Ведомость материалов
E9: Устройство системы Безопасный дом. ГП-75
A11: № | B11: Наименование | C11: Марка | D11: Характеристика | E11: Ед. изм. | F11: 75.1 | G11: 75.2 | H11: 75.3 | I11: 75.4 | J11: 75.5 | K11: 75.6 | L11: 75.7 | M11: 75.8 | N11: Кол-во | O11: Цена | P11: Сумма | Q11: Примечание | R11: Форма закупа материала
A12: 11 | B12: Внутренние инженерные сети
A13: 11.23. | B13: Система "Безопасный дом"
A14: 11.23.01 | B14: Прокладка КПП, трубы
A15: 11.23.01.00. | B15: Прокладка КПП, трубы
B16: Кабель тип 1 | D16: КСПВГ 4х0,20 гибкий, 4 жилы медь, ПВХ. | E16: м. | F16: 537 | G16: 426 | H16: 414 | I16: 216 | J16: 216 | K16: 414 | L16: 396 | M16: 402 | N16: 3021 | P16: =O16*N16 -> 0 | R16: Закуп подрядчика
B17: Прочие материалы | R17: Закуп подрядчика
B18: Концевая изолированная заглушка (артикул 08-0701) КИЗ-1,2,8 мм /1,0-2,5 мм2 | E18: шт. | F18: 716 | G18: 568 | H18: 552 | I18: 288 | J18: 288 | K18: 552 | L18: 528 | M18: 536 | N18: 4028 | P18: =O18*N18 -> 0
B19: Дюбель-хомут 5-10мм нейлон (100шт. в пч.) | E19: шт. | F19: 1074 | G19: 852 | H19: 828 | I19: 432 | J19: 432 | K19: 828 | L19: 792 | M19: 804 | N19: 6042 | P19: =O19*N19 -> 0
A20: 11.23.02 | B20: Установка оборудования
A21: 11.23.02.00. | B21: Установка оборудования
B22: Материалы:
B23: Извещатель охранный магнитоконтактный врезной монтаж «ИО 102-6» | E23: шт. | F23: 179 | G23: 142 | H23: 138 | I23: 72 | J23: 72 | K23: 138 | L23: 132 | M23: 134 | N23: 1007 | P23: =O23*N23 -> 0 | R23: Закуп подрядчика
O24: Итого по ЛСР: | P24: =SUM(P16:P23) -> 0
B26: Примечание:
A27: - | B27: В случае, если один из перечисленных прочих материалов не был использован по факту при производстве работ, заказчик вправе откорректировать процент расходных материалов в актах выполненных работ (формы КС-2, КС-3), уменьшив на сумму исключенного материала.
A28: - | B28: Стоимость СМР учитывает - затраты на все второстепенные материалы и работы необходимые для осуществления полного комплекса работ, включая затраты: обеспечение технической водой для производства работ и бытовых целей; на мобилизацию, аренду и эксплуатацию всех необходимых механизмов, оборудования и инструментов, бытовых помещений и биотуалетов; на подъем материалов и разноску по этажам к местам производства работ; выполнение сопутствующих работ; вывоз мусора; накладные расходы, прибыль организации, налоги и иные издержки Подрядчика. Обеспечение безопасного производства работ на участке.
A29: - | B29: Стоимость материалов учитывает стоимость доставки.
A30: - | B30: В случае изменения системы налогообложения, риски увеличения стоимости договора относятся на сторону, чья система налогообложения изменяется.
